Cogmind - Beta 10.2 --- EXPLORER MODE // 2021.08.19 @ 01:31:22 Player: heavymetalmidis Result: Self-destructed Performance ------------- Evolutions (1) 500 Regions Visited (2) 400 Robots Destroyed (7) 35 Value Destroyed (149) 149 Prototype IDs (0) 0 Alien Tech Used (0) 0 Bonus (0) 0 TOTAL SCORE: 1084 Bonus ------- None Cogmind --------- Core Integrity 386/400 Matter 238/300 Energy 125/125 System Corruption 0% Temperature Cool (0) Movement Walking (150) Ox1 Location -9/Materials Parts ------- > --- POWER (1) -------- Light Ion Engine > --- PROPULSION (2) --- Improved Aluminum Leg Improved Aluminum Leg > --- UTILITY (5) ------ Heat Sink Medium Storage Unit Medium Storage Unit Terrain Scanner > --- WEAPON (2) ------- Autogun Autogun > --- INVENTORY (12) --- Aluminum Leg Improved Aluminum Leg Improved Aluminum Leg Improved Targeting Computer Improved Targeting Computer Improved Targeting Computer Improved Targeting Computer Medium Armor Plating Medium Armor Plating Tractor Beam Autogun Grenade Launcher Peak State ------------ > --- POWER ------------ Light Ion Engine > --- PROPULSION ------- Improved Aluminum Leg Improved Aluminum Leg > --- UTILITY ---------- Heat Sink Medium Storage Unit Medium Storage Unit Terrain Scanner > --- WEAPON ----------- Autogun Autogun > --- INVENTORY -------- Aluminum Leg Improved Aluminum Leg Improved Aluminum Leg Improved Targeting Computer Improved Targeting Computer Improved Targeting Computer Improved Targeting Computer Medium Armor Plating Medium Armor Plating Tractor Beam Autogun Grenade Launcher [Rating: 15] Favorites ----------- Power Light Ion Engine Engine Light Ion Engine Propulsion Improved Aluminum Leg Leg Improved Aluminum Leg Utility Medium Storage Unit Device Terrain Scanner Storage Medium Storage Unit Protection Medium Armor Plating Weapon Heavy Assault Rifle Energy Gun Medium Laser Ballistic Gun Heavy Assault Rifle Build | -11 -10 -9 ------- Run | Scr Mat Mat Slots Evolved 3 | . 1 2 Power . | . . . Propulsion . | . . . Utility 3 | . 1 2 Weapon . | . . . Parts Attached 19 | 6 12 1 Power 1 | 1 . . Engine 1 | 1 . . Core . | . . . Reactor . | . . . Propulsion 4 | 2 2 . Treads . | . . . Leg 4 | 2 2 . Wheel . | . . . Hover . | . . . Flight . | . . . Utility 7 | 1 5 1 Device 3 | . 2 1 Storage 2 | 1 1 . Processor . | . . . Hackware . | . . . Protection 2 | . 2 . Artifact . | . . . Weapon 7 | 2 5 . Energy Gun 1 | 1 . . Energy Cannon . | . . . Ballistic Gun 6 | 1 5 . Ballistic Cannon . | . . . Launcher . | . . . Special Weapon . | . . . Impact Weapon . | . . . Slashing Weapon . | . . . Piercing Weapon . | . . . Special Melee Weapon . | . . . Unidentified Prototypes . | . . . Parts Lost . | . . . Power . | . . . Propulsion . | . . . Utility . | . . . Weapon . | . . . Highest Loss Streak . | . . . Average Slot Usage (%) 96 | . 99 85 Engine 11 | . 12 10 Leg 24 | . 25 20 Device 12 | . 12 15 Storage 14 | . 13 20 Protection 8 | . 10 . Energy Gun 3 | . 4 . Ballistic Gun 19 | . 19 20 Naked Turns . | . . . Heaviest Build 27 | 15 26 27 Greatest Support 26 | 20 26 26 Greatest Overweight (x) 1 | . 1 1 Average Overweight (x) . | . . . Largest Inventory Capacity 12 | 8 12 12 Average Capacity 8 | 7 8 12 Most Carried 12 | 8 11 12 Average Carried 8 | 6 8 11 Final Capacity 12 | 8 12 12 Final Carried 12 | 8 11 12 Class Distribution -------------------- 100% | Hacker-Mutant Dominant Class ---------------- Hacker-Mutant | -10/Materials Hacker-Mutant | -9/Materials Resources | -11 -10 -9 ----------- Run | Scr Mat Mat Matter Collected 435 | 191 207 37 Remotely . | . . . Salvage Created 201 | 34 130 37 Parts 16 | 4 9 3 Haulers Intercepted . | . . . Recyclers Shooed 1 | 1 . . Parts Field Recycled . | . . . Retrieved Matter . | . . . Parts Self-Destructed . | . . . Prevented . | . . . Kills | -11 -10 -9 ------- Run | Scr Mat Mat Combat Hostiles Destroyed 5 | . 4 1 Guns 5 | . 4 1 Classes Destroyed 3 | 1 2 . Tunneler 2 | 2 . . Swarmer 2 | . 2 . Grunt 3 | . 2 1 Best Kill Streak 2 | 2 2 1 Combat Bots Only 2 | . 2 1 Max Kills in Single Turn 2 | 1 2 1 Gunslinging 1 | . 1 . Exploded . | . . . Melee . | . . . Uniques/NPCs Destroyed . | . . . Combat | -11 -10 -9 -------- Run | Scr Mat Mat Damage Taken 115 | . 101 14 Core 26 | . 12 14 Absorbed by Shields . | . . . Core Remaining (%) 97 | 100 95 . Volleys Fired 21 | 6 11 4 Largest 2 | 2 2 2 Hottest 70 | 70 70 46 Shots Fired 42 | 12 22 8 Gun 42 | 12 22 8 Cannon . | . . . Launcher . | . . . Special . | . . . Kinetic 33 | 6 19 8 Thermal 9 | 6 3 . Explosive . | . . . Electromagnetic . | . . . Robot Hit Streak 19 | 10 18 19 Robot Miss Streak 1 | 1 1 1 Penetration Max . | . . . Secondary Targets 1 | . 1 . Max Gunslinging Chain 1 | . 1 . Shots Hit Robots 38 | 10 21 7 Core Hits 12 | 3 7 2 Critical Hits . | . . . Critical Kills . | . . . Critical Parts Destroyed . | . . . Melee Attacks . | . . . Impact . | . . . Slashing . | . . . Piercing . | . . . Sneak Attacks . | . . . Combat Hostiles . | . . . Follow-up Attacks . | . . . Damage Inflicted 550 | 124 314 112 Guns 550 | 124 314 112 Cannons . | . . . Explosions . | . . . Melee . | . . . Ramming . | . . . Kinetic 440 | 52 276 112 Thermal 110 | 72 38 . Explosive . | . . . Electromagnetic . | . . . Impact . | . . . Slashing . | . . . Piercing . | . . . Highest Corruption . | . . . Average Corruption . | . . . Corruption Purged . | . . . Overload Shots . | . . . Overflow Damage . | . . . Projectiles . | . . . Explosions . | . . . Melee . | . . . Knockbacks . | . . . Impact . | . . . Kinetic . | . . . Secondary . | . . . Self-Inflicted Damage . | . . . Shots . | . . . Rammed . | . . . Targets Rammed . | . . . Kicked . | . . . Crushed . | . . . Highest Temperature 54 | 27 54 12 Average Temperature 14 | 11 16 9 Received Heat Transfer 72 | . 60 12 Siege Activations . | . . . Robots Corrupted . | . . . Combat Hostiles . | . . . Parts Fried . | . . . Impact Corruptions . | . . . Robots Melted . | . . . Combat Hostiles . | . . . Parts Melted . | . . . Heat Transferred 333 | 222 111 . Parts Sabotaged . | . . . Parts Stolen . | . . . Parts Stripped . | . . . Power Chain Reactions . | . . . Missiles Intercepted . | . . . Alert | -11 -10 -9 ------- Run | Scr Mat Mat Peak Influence 139 | 10 139 30 Initial 4 | . 4 . Average 41 | 2 54 17 Maximum Alert Level . | . . . Low Security (%) 100 | 100 100 100 Level 1 . | . . . Level 2 . | . . . Level 3 . | . . . Level 4 . | . . . Level 5 . | . . . High Security . | . . . Max Security . | . . . Squads Dispatched 1 | . . 1 Investigation . | . . . Extermination . | . . . Reinforcement 1 | . . 1 Assault . | . . . Garrison . | . . . Intercept . | . . . Construction Impeded . | . . . Haulers Reinforced . | . . . Stealth | -11 -10 -9 --------- Run | Scr Mat Mat Distress Signals 2 | . 2 . Communications Jammed . | . . . Distress Signals . | . . . Times Spotted 12 | . 10 2 Peak Tracking Total 5 | . 5 1 Tactical Retreats . | . . . Traps | -11 -10 -9 ------- Run | Scr Mat Mat Traps Triggered . | . . . Indirectly . | . . . Trap Hack Attempts . | . . . Triggered . | . . . Disarmed . | . . . Reprogrammed . | . . . Reused . | . . . Traps Extracted . | . . . Installed . | . . . Triggered . | . . . Machines | -11 -10 -9 ---------- Run | Scr Mat Mat Machines Disabled . | . . . Max in Single Turn . | . . . Machines Sabotaged . | . . . Garrisons Compromised . | . . . Overloaded Fab Kills . | . . . Fab Network Shutdowns . | . . . Hacking | -11 -10 -9 --------- Run | Scr Mat Mat Machines Accessed 1 | . 1 . Terminals 1 | . 1 . Fabricators . | . . . Repair Stations . | . . . Recycling Units . | . . . Scanalyzers . | . . . Garrison Access . | . . . Total Hacks 2 | . 2 . Successful 2 | . 2 . Failed . | . . . Catastrophic . | . . . Database Lockouts . | . . . Manual . | . . . Terminals 2 | . 2 . Fabricators . | . . . Repair Stations . | . . . Recycling Units . | . . . Scanalyzers . | . . . Garrison Access . | . . . Terminal Hacks 2 | . 2 . Branch Access Points 1 | . 1 . Hauler Manifests 1 | . 1 . Fabricator Hacks . | . . . Repair Station Hacks . | . . . Recycling Unit Hacks . | . . . Scanalyzer . | . . . Garrison Access Hacks . | . . . Unauthorized Hacks . | . . . Terminals . | . . . Fabricators . | . . . Repair Stations . | . . . Recycling Units . | . . . Scanalyzers . | . . . Garrison Access . | . . . Data Cores Recovered . | . . . Used . | . . . Hacking Detections . | . . . Full Trace Events . | . . . Feedback Events . | . . . Feedback Blocked . | . . . Robot Schematics Acquired . | . . . Robots Built . | . . . Matter . | . . . Time . | . . . Total Robot Build Rating . | . . . Part Schematics Acquired . | . . . Parts Built . | . . . Matter . | . . . Time . | . . . Total Part Build Rating . | . . . Parts Repaired . | . . . Time . | . . . Parts Recycled . | . . . Recycled Matter . | . . . Retrieved Matter . | . . . Retrieved Components . | . . . Parts Scanalyzed . | . . . Part Schematics Acquired . | . . . Parts Damaged . | . . . Bothacking | -11 -10 -9 ------------ Run | Scr Mat Mat Used RIF Installer . | . . . Robots Hacked . | . . . Non-combat . | . . . Combat . | . . . Robot Hacks Applied . | . . . Relay Couplers Released . | . . . Robots Rewired . | . . . Allies Hacked . | . . . Hacks Repelled . | . . . Allies | -11 -10 -9 -------- Run | Scr Mat Mat Total Allies . | . . . Largest Group . | . . . Highest-Rated Group . | . . . Highest-Rated Ally . | . . . Total Orders . | . . . Ally Attacks . | . . . Total Damage . | . . . Kills . | . . . Allies Corrupted . | . . . Allies Melted . | . . . Intel | -11 -10 -9 ------- Run | Scr Mat Mat Robot Analysis Total . | . . . Derelict Logs Recovered . | . . . Drone Launches . | . . . Drone Recoveries . | . . . Exploration | -11 -10 -9 ------------- Run | Scr Mat Mat Turns Passed 721 | 90 512 119 Spaces Moved 467 | 51 348 68 Core 9 | 9 . . Treads . | . . . Legs 458 | 42 348 68 Wheels . | . . . Hover . | . . . Flight . | . . . Fastest Speed 50 | 50 120 120 Average Speed 121 | 107 120 137 Slowest Speed 150 | 120 150 150 Overloaded Moves . | . . . Propulsion Burnouts . | . . . Robots Hopped . | . . . Cave-ins Triggered . | . . . Exploration Rate (%) 25 | 4 61 10 Regions Visited 2 Branch Regions . Pre-discovered Areas . | . . . Known Exits Taken 2 | 1 1 . Unknown Exits Taken . | . . . Scrap Searched . | . . . Spaces Dug . | . . . Terrain Destroyed . | . . . Melee . | . . . Projectile . | . . . AOE . | . . . Terrain Rammed . | . . . Walls Destroyed . | . . . Machines Disabled . | . . . Actions | -11 -10 -9 --------- Run | Scr Mat Mat Total 581 | 71 424 86 Wait 26 | . 14 12 Move 465 | 50 347 68 Hop . | . . . Pick Up 31 | 9 21 1 Fast Attach 9 | 5 3 1 Attach 3 | 1 2 . Detach . | . . . Swap 7 | . 7 . Drop 19 | . 19 . Fire 21 | 6 11 4 Melee . | . . . Ram . | . . . Kick . | . . . Crush . | . . . Escape Stasis . | . . . Rewire . | . . . Trap . | . . . Miscellaneous . | . . . Route ------- -11/Scrapyard -10/Materials (discovered 3 exits: *Mat x2 / *Min) -9/Materials History --------- Turn | Location | Event 9 | -11/Scrapyard | Identified exit to Materials 9 | -11/Scrapyard | Discovered exit to Materials (range 15) 91 | -11/Scrapyard | Entered Materials 91 | -10/Materials | Evolved 1 slot: Utility x1 103 | -10/Materials | Identified exit to Mines 103 | -10/Materials | Discovered exit to Mines (range 15) 264 | -10/Materials | Identified exit to Materials 264 | -10/Materials | Discovered exit to Materials (range 3) 341 | -10/Materials | Build established: Hacker-Mutant 419 | -10/Materials | Discovered exit to Materials (range 16) 603 | -10/Materials | Entered another Materials area 603 | -9/Materials | Evolved 2 slots: Utility x2 722 | -9/Materials | Self-destructed Last Messages --------------- 00494_ Acquired Grenade Launcher. 00502_ Connecting with Terminal... 00504_ K-01 Serf cleans the Terminal. 00525_ Dropped Hvy. Assault Rifle. 00527_ Acquired Autogun. 00531_ Dropped Hvy. Assault Rifle. 00533_ Acquired Autogun. 00534_ Dropped ECM Suite. 00541_ Acquired Imp. Targeting Computer. 00560_ Connecting with Terminal... PARAMETERS=UTILITY_2 LOCATION=MATERIALS GOAL=ESCAPE 00612_ O-16 Technician: "IFF HANDSHAKE FAILED. SECURING TERMINAL." 00613_ ALERT: Hostiles spotted, dispatching reinforcements to Terminal M009. 00652_ G-34 Mercenary destroyed. 00655_ Acquired 37 matter. 00657_ Acquired Aluminum Leg. 00660_ Acquired Heat Sink. Map ----- +----------------------------------------------------+ | | | | | | | | | | | | | | | ?????????????????????????????? | | ?????????????????????????????? | | ?????????????????????????????? | | ?????????????????????????????? | | ?????????????????????????????? | | ?????????????????????????????? | | ?????????????????????????????? | | ?????????????????????????????? | | ?????????????????????????????? | | ?????????????????????????????? | | ??????###????????????????????? | | ?????# #????????????????????? | | ?????# #????????????????????? | | ###??# +????????????????????? | | #!! ?# #????????????????????? | | #!! ?# #????????????????????? | | #!! # #????????????????????? | | # # #??#?????????????????? | | # @ #??#####?????????????? | | # "" # #?""" """????????????? | | # T" # #?""" """ ???????????? | | # ""?# # """ """ """ ???????? | | # ?# # #??????? | | ###??# + #??????? | | ?????# # #??????? | | ????## #############????????? | | ???## ##### #??????????? | | ????# " #??????????? | | ??#?# "T #??????????? | | ?#??# ##### #??????????? | | ???###+######## ##???#??????? | | # "" #?# #???????????? | | # ""S """ ### #########???? | | # "" """ + # """ """ ??? | | # """ ### # """ """ #?? | | # """ #?# # """ """ #?? | | # !! """ #?# # #?? | | # ! ?## / #?? | | ###############= # #?? | | ??????? # # #?? | | ???????""""" # # #?? | | ???????""""" # ###########?? | | ???????""""" # ##??????????? | +----------------------------------------------------+ Best States ------------- Heat Dissipation 38 Energy Generation 10 Energy Capacity 125 Matter Stores 300 Matter Capacity 300 Sight Range 16 Terrain Scan Range 14 Terrain Scan Density 10 ECM Strength 1 Armor Coverage 225 Resistance: KI 35 Resistance: TH 35 Resistance: EX 35 Resistance: EM 35 Resistance: I 35 Resistance: S 35 Resistance: P 35 Evasion (%) 50 Offensive Hacking 20 Item Schematics ----------------- None Robot Schematics ------------------ None Fabricated ------------ Nothing Alien Tech Used ----------------- None Achievements -------------- None Challenges ------------ None Game ------ Seed BombRiotMachine Manual? 0 Play Time 00:15:07 Cumulative 8.2 hours Start 2021.04.03 @ 16:02:52 End 2021.08.19 @ 01:31:22 Sessions 5 Manual Loads 0 Difficulty Explorer Special Mode None Game No. 5 Rogue 0 Adventurer 0 Explorer 5 Win Type - Total 0 Types 0/0/0/0/0/0/0/0/0 Lore% 7 Gallery% 17 Achievement% 17 Wizard Run 0 Options --------- ASCII 0 Keyboard 0 Movement Mouse Keybinds 0 Fullscreen 1 Font 18/SmallcapsGlow Map View 76x50 Tactical HUD 1 Map Filters NONE Filters NONE Steam 1 RUN: 4abac495-6872-46b0-95de-a741c144a2d9